 Dungeon Crawl Stone Soup version 0.28-a0-938-gbc3f381ebc (webtiles) character file.

Game seed: 7460328354754380242

22313 Hipnos the Eclecticist (level 12, -3/64 HPs)
             Began as a Deep Elf Ice Elementalist on Nov 28, 2021.
             Was a High Priest of Vehumet.
             Hit by a large rock thrown by a cyclops (12 damage)
             ... on level 13 of the Dungeon.
             The game lasted 00:49:37 (14835 turns).

Hipnos the Eclecticist (Deep Elf Ice Elementalist) Turns: 14835, Time: 00:49:39

Health: -3/64      AC: 21    Str:  9    XL:     12   Next: 61%
Magic:  9/35       EV: 15    Int: 26    God:    Vehumet [*****.]
Gold:   702        SH:  0    Dex: 15    Spells: 19/46 levels left

rFire   x . .      SeeInvis .   q - +8 long sword of Ysemu {freeze, Contam rPois rC++ Str+4}
rCold   + + +      Faith    .   (no shield)
rNeg    . . .      Spirit   .   K - +2 robe {rF+}
rPois   +          Reflect  .   (no helmet)
rElec   .          Harm     .   (no cloak)
rCorr   .          Rampage  .   B - +0 pair of gloves
Will    +....                   E - +2 pair of boots
Stlth   ++........              I - amulet of magic regeneration
HPRegen 0.20/turn               y - ring of ice
MPRegen 0.64/turn               r - ring of ice

@: ice-armoured, freezing walls, studying Shields
A: no striking features
a: Renounce Religion


You were on level 13 of the Dungeon.
You worshipped Vehumet.
Vehumet was extremely pleased with you.
You visited 2 branches of the dungeon, and saw 14 of its levels.
You also visited: Bailey.

You collected 1002 gold pieces.
You spent 300 gold pieces at shops.

Inventory:

Hand Weapons
 b - a +0 dagger
 f - a +3 dagger of protection
 q - the +8 long sword of Ysemu (weapon) {freeze, Contam rPois rC++ Str+4}
   (You found it on level 6 of the Dungeon)

   It freezes those it strikes, dealing additional cold damage.
   It can also slow down cold-blooded creatures.
   Str:       It affects your strength (+4).
   rC:        It greatly protects you from cold.
   rPois:     It protects you from poison.
   Contam:    It causes magical contamination when unequipped.
 G - the +9 spear of Eternal Vigilance {vorpal, rCorr}
   (You found it on level 10 of the Dungeon)

   It inflicts extra damage upon your enemies.
   rCorr:     It protects you from acid and corrosion.
 O - a +7 eveningstar of protection
Armour
 a - a +0 robe
 B - a +0 pair of gloves (worn)
 E - a +2 pair of boots (worn)
 K - a +2 robe of fire resistance (worn)
Jewellery
 c - an amulet of guardian spirit
 d - a ring of protection from cold
 h - an amulet of regeneration
 l - a ring of protection from cold
 r - a ring of ice (right hand)
 y - a ring of ice (left hand)
 H - a ring of resist corrosion
 I - an amulet of magic regeneration (around neck)
Wands
 n - a wand of digging (6)
 v - a wand of acid (6)
 C - a wand of polymorph (19)
 P - a wand of flame (26)
Scrolls
 e - 2 scrolls of brand weapon
 o - 3 scrolls of blinking {unknown}
 t - 3 scrolls of teleportation
 u - 3 scrolls of identify
 w - 3 scrolls of torment
 x - a scroll of enchant weapon
 z - 2 scrolls of fear
 J - a scroll of fog {unknown}
 L - 6 scrolls of amnesia
 M - a scroll of immolation {unknown}
 N - a scroll of magic mapping
Potions
 g - 2 potions of degeneration
 j - 2 potions of brilliance
 k - 4 potions of might
 m - 3 potions of flight
 p - a potion of curing
 s - a potion of lignification
 A - a potion of magic
 D - a potion of invisibility {unknown}
 F - a potion of experience


   Skills:
 + Level 3.0 Fighting
 - Level 1.2 Long Blades
 + Level 6.3 Dodging
 - Level 2.4 Stealth
 + Level 17.8 Spellcasting
 + Level 9.6 Conjurations
 * Level 13.8 Ice Magic
 + Level 1.1 Earth Magic


You had 19 spell levels left.
You knew the following spells:

 Your Spells              Type           Power      Damage    Failure   Level
a - Freeze                Ice            100%       1d11      0%          1
b - Frozen Ramparts       Ice            100%       1d12      0%          3
c - Ozocubu's Armour      Ice            100%       N/A       1%          3
d - Hailstorm             Conj/Ice       100%       3d20      1%          4
e - Shock                 Conj/Air       100%       1d9       1%          1
f - Searing Ray           Conj           100%       2d8       1%          2
g - Inner Flame           Hex/Fire       23%        N/A       1%          3
h - Airstrike             Air            11%        N/A       5%          4
i - Iron Shot             Conj/Erth      25%        9d5       10%         6

Your spell library contained the following spells:

 Spells                   Type           Power      Damage    Failure   Level
 Beastly Appendage        Tmut           46%        N/A       1%          1
 Summon Small Mammal      Summ           92%        N/A       1%          1
 Wereblood                Tmut           23%        N/A       3%          2
 Call Canine Familiar     Summ           23%        N/A       6%          3
 Gell's Gravitas          Tloc           23%        N/A       6%          3
 Lesser Beckoning         Tloc           23%        N/A       6%          3
 Spider Form              Tmut/Pois      23%        N/A       6%          3
 Summon Guardian Golem    Hex/Summ       23%        N/A       6%          3
 Teleport Other           Tloc           23%        N/A       6%          3


Dungeon Overview and Level Annotations

Branches:
Dungeon (13/15)            Temple (1/1) D:7            Lair (0/6) D:11
    Orc (0/2) D:11         Bailey (visited)
 Vaults: D:13-14

Altars:
Ashenzari
Cheibriados
Dithmenos
Elyvilon
Fedhas
Gozag
Hepliaklqana
Kikubaaqudgha
Makhleb
Nemelex Xobeh
Okawaru
Qazlal
Ru
Sif Muna
Trog
Uskayaw
Vehumet
Wu Jian
Xom
Yredelemnul
Zin
The Shining One

Shops:
D:3 (*!!(   D:8 =[=   D:10 =


Message History

* * * LOW HITPOINT WARNING * * *
Deactivating autopickup; reactivate with Ctrl-A.
The wall freezes the centaur warrior.
The centaur warrior unwields a +5 dagger of protection.
The centaur warrior wields a +0 shortbow.
The centaur warrior shoots an arrow.
The arrow barely misses you.
You feel better.
The wall freezes the centaur warrior!
You kill the centaur warrior!
Vehumet accepts your kill.
You feel your power returning.
The wall freezes something.
Something hits you.
Unknown command.
Casting: Hailstorm (safe; 1% risk of failure)
Confirm with . or Enter, or press ? or * to list all spells.
You can't see any susceptible monsters within range! (Use Z to cast anyway.)
Casting: Hailstorm (safe; 1% risk of failure)
Confirm with . or Enter, or press ? or * to list all spells.
Casting: Hailstorm (safe; 1% risk of failure)
Press: ? - help, Dir - look around, f - activate You feel a strong surge of power!
A cannonade of hail descends around you!
The hail pelts something!!!
Vehumet accepts your kill.
You feel your power returning.
Reactivating autopickup.
You feel a bit more experienced.
The cyclops throws a large rock.
The large rock hits you!
* * * LOW HITPOINT WARNING * * *
Casting: Hailstorm (safe; 1% risk of failure)
Confirm with . or Enter, or press ? or * to list all spells.
Okay, then.
Casting: Hailstorm (safe; 1% risk of failure)
Confirm with . or Enter, or press ? or * to list all spells.
The spell is quite dangerous to cast (10% risk of failure)!
Continue anyway?
Aiming: Iron Shot (quite dangerous; 10% risk of failure)
Press: ? - help, Shift-Dir - straight line, f - cyclops
Aim: a cyclops, quivering large rocks (98% to hit)
The iron shot hits the cyclops!!
The cyclops is severely wounded.
The cyclops throws a large rock.
The large rock hits you!
You die...

#......############
#.................#
#####.......###..####.#
.#<..........###.####...
...##......#............
...........#.###.####.##
.).#####...#.#..####.#
...# #...#.#..#.))#
...#####...#..##@.#
.......#...#.##)###
##..##.#...#.##)..#
###.##.#.....#[#..... #
#..#.#.##..#C J#..Q[. #
#........#... .#..()?
###....#.#. .#. .# .c$c
.......# .#. .. ...
###.#..# # #c ## .#.


You could see a cyclops.

Vanquished Creatures
  2 hydras
  A boulder beetle (D:13)
  An ogre mage (D:13)
  6 two-headed ogres
  3 centaur warriors (D:13)
  A tengu warrior (D:13)
  Urug (D:12)
  An ugly thing (D:13)
  A manticore (D:12)
  A gargoyle (D:10)
  2 unseen horrors (D:11)
  A troll (D:11)
  A hornet (D:10)
  4 slime creatures
  A meliai zombie (D:11)
  A vampire (D:11)
  A wraith (D:11)
  3 wyverns
  21 yaks
  3 vampire mosquitoes
  A water moccasin (D:7)
  2 acid dragons
  12 orc warriors
  A black bear (D:7)
  A sky beast (D:8)
  An ice beast (D:6)
  13 centaurs
  An ogre (D:7)
  2 wolves (D:11)
  3 kobold brigands
  2 gnoll sergeants (D:8)
  A wyvern zombie (D:7)
  A water moccasin zombie (D:5)
  2 scorpions
  A water moccasin skeleton (D:7)
  11 wights
  4 killer bees (D:9)
  3 electric eels (D:11)
  3 howler monkeys (D:10)
  4 centaur zombies
  A bullfrog zombie (D:7)
  7 hounds
  2 jellies (D:6)
  4 orc priests
  10 orc wizards
  A killer bee zombie (D:9)
  7 gnolls (D:8)
  3 adders
  2 shadow imps
  An ufetubus (D:4)
  4 dart slugs
  66 orcs
  4 bats
  2 endoplasms
  4 goblins
  8 hobgoblins
  6 jackals
  2 quokkas
  5 ball pythons
  4 frilled lizards
  20 kobolds
  4 rats
292 creatures vanquished.

Vanquished Creatures (others)
  A shadow (D:13)
  A plant (D:2)
2 creatures vanquished.

Grand Total: 294 creatures vanquished

Notes
Turn   | Place    | Note
-------+----------+-------------------------------------------
     0 | D:1      | Hipnos the Deep Elf Ice Elementalist began the quest for
                  | the Orb.
     0 | D:1      | Reached XP level 1. HP: 10/10 MP: 6/6
   255 | D:1      | Reached XP level 2. HP: 15/15 MP: 6/8
   841 | D:1      | Reached skill level 5 in Ice Magic
  1097 | D:2      | Found a faded altar of an unknown god.
  1301 | D:2      | Reached XP level 3. HP: 6/19 MP: 3/10
  1441 | D:2      | Learned a level 3 spell: Frozen Ramparts
  1445 | D:2      | Learned a level 3 spell: Ozocubu's Armour
  2296 | D:3      | Found a snail-covered altar of Cheibriados.
  2333 | D:3      | Reached skill level 4 in Spellcasting
  2537 | D:3      | Found Citammio's Antique Weapon Shop.
  2687 | D:3      | Found Uray's Distillery.
  2688 | D:3      | Found Turediy's Distillery.
  2945 | D:3      | Reached XP level 4. HP: 24/24 MP: 4/12
  3013 | D:3      | Found Giasouci's General Store.
  3016 | D:3      | Found Jonnaffu's Weapon Shop.
  3425 | D:4      | Reached XP level 5. HP: 28/28 MP: 10/14
  3602 | D:4      | Reached skill level 5 in Spellcasting
  4618 | D:5      | Entered Level 5 of the Dungeon
  4652 | D:6      | Found a bloodstained altar of Trog.
  4657 | D:6      | Noticed a wyvern
  4657 | D:6      | Noticed an ice beast
  4685 | D:6      | Identified the +8 long sword of Ysemu {freeze, Contam rPois
                  | rC++ Str+4}
  4907 | D:6      | Killed an ice beast
  4908 | D:6      | Reached skill level 6 in Spellcasting
  4908 | D:6      | Reached XP level 6. HP: 33/33 MP: 13/17
  4986 | D:6      | Found an ornate altar of the Wu Jian Council.
  4993 | D:6      | Noticed a spectral centipede
  4993 | D:6      | Noticed a spectral black mamba
  4993 | D:6      | Noticed a spectral cane toad
  5663 | D:6      | Found a shimmering blue altar of Sif Muna.
  5766 | D:6      | Noticed an acid dragon
  5770 | D:6      | Killed an acid dragon
  5771 | D:6      | Reached skill level 7 in Spellcasting
  5771 | D:6      | Reached XP level 7. HP: 8/37 MP: 10/19
  5943 | D:6      | Killed a wyvern
  5944 | D:6      | Reached skill level 1 in Fighting
  5944 | D:6      | Reached skill level 1 in Long Blades
  6109 | D:6      | Learned a level 4 spell: Hailstorm
  6187 | D:7      | Reached skill level 1 in Conjurations
  6306 | D:7      | Reached skill level 8 in Spellcasting
  6361 | D:7      | Found a staircase to the Ecumenical Temple.
  6370 | D:7      | Reached XP level 8. HP: 42/43 MP: 16/22
  6377 | Temple   | Entered the Ecumenical Temple
  6546 | Temple   | Became a worshipper of Vehumet
  7175 | D:8      | Found Veicae's Jewellery Shop.
  7187 | D:8      | Reached skill level 9 in Spellcasting
  7360 | D:8      | Found Acavumul's Armour Boutique.
  7374 | D:8      | Reached * piety under Vehumet
  7374 | D:8      | Offered knowledge of Shock by Vehumet.
  7377 | D:8      | Learned a level 1 spell: Shock
  7511 | D:8      | Found Suec's Jewellery Shop.
  7836 | D:7      | Reached XP level 9. HP: 48/48 MP: 14/24
  7912 | D:7      | Reached skill level 10 in Spellcasting
  8192 | D:7      | Reached skill level 5 in Conjurations
  8434 | D:7      | Reached ** piety under Vehumet
  8437 | D:7      | Offered knowledge of Searing Ray by Vehumet.
  8441 | D:7      | Learned a level 2 spell: Searing Ray
  9327 | D:9      | Reached skill level 11 in Spellcasting
  9379 | D:9      | Reached skill level 10 in Ice Magic
  9659 | D:9      | Reached XP level 10. HP: 41/53 MP: 18/27
  9773 | D:9      | Found a basalt altar of Yredelemnul.
  9869 | D:9      | Found a glowing silver altar of Zin.
  9869 | D:9      | Noticed an angel
 10043 | D:10     | Entered Level 10 of the Dungeon
 10061 | D:10     | Reached skill level 12 in Spellcasting
 10126 | D:10     | Noticed a gargoyle
 10135 | D:10     | Killed a gargoyle
 10222 | D:10     | Found a shimmering altar of Xom.
 10322 | D:10     | Identified the +9 spear of Eternal Vigilance {vorpal,
                  | rCorr}
 10404 | D:10     | Noticed a two-headed ogre
 10416 | D:10     | Killed a two-headed ogre
 10417 | D:10     | Reached skill level 13 in Spellcasting
 10587 | D:10     | Offered knowledge of Inner Flame by Vehumet.
 10588 | D:10     | Reached skill level 5 in Dodging
 10593 | D:10     | Learned a level 3 spell: Inner Flame
 10724 | D:10     | Found Jucili's Jewellery Shop.
 10727 | D:10     | Bought an amulet of magic regeneration for 300 gold pieces
 10964 | D:11     | Noticed a two-headed ogre
 10975 | D:11     | Killed a two-headed ogre
 11106 | D:11     | Noticed a two-headed ogre
 11142 | D:11     | Killed a two-headed ogre
 11143 | D:11     | Reached skill level 14 in Spellcasting
 11143 | D:11     | Reached XP level 11. HP: 26/57 MP: 20/31
 11146 | D:11     | Reached *** piety under Vehumet
 11164 | D:11     | Found a flagged portal.
 11171 | D:11     | Offered knowledge of Sticky Flame by Vehumet.
 11191 | D:11     | Noticed an eight-headed hydra
 11208 | D:11     | Killed an eight-headed hydra
 11227 | Bailey   | Entered a bailey
 11510 | Bailey   | Reached **** piety under Vehumet
 11697 | Bailey   | Offered knowledge of Airstrike by Vehumet.
 11705 | Bailey   | Learned a level 4 spell: Airstrike
 12126 | Bailey   | Reached skill level 15 in Spellcasting
 12753 | D:11     | Found a staircase to the Orcish Mines.
 12996 | D:11     | Noticed a two-headed ogre
 13003 | D:11     | Killed a two-headed ogre
 13046 | D:11     | Reached ***** piety under Vehumet
 13046 | D:11     | Offered knowledge of Iron Shot by Vehumet.
 13099 | D:11     | Found a glowing golden altar of the Shining One.
 13148 | D:11     | Learned a level 6 spell: Iron Shot
 13169 | D:11     | Found a staircase to the Lair.
 13445 | D:12     | Noticed Urug
 13446 | D:12     | Noticed a two-headed ogre
 13450 | D:12     | Killed a two-headed ogre
 13451 | D:12     | Reached skill level 16 in Spellcasting
 13453 | D:12     | Killed Urug
 13597 | D:12     | Noticed a two-headed ogre
 13600 | D:12     | Killed a two-headed ogre
 13601 | D:12     | Reached XP level 12. HP: 64/64 MP: 29/34
 14203 | D:12     | Reached skill level 1 in Earth Magic
 14206 | D:12     | Reached skill level 17 in Spellcasting
 14561 | D:13     | Noticed a boulder beetle
 14577 | D:13     | Killed a boulder beetle
 14778 | D:13     | Noticed a tengu warrior
 14778 | D:13     | Noticed a centaur warrior
 14778 | D:13     | Noticed a centaur warrior
 14778 | D:13     | Noticed a centaur warrior
 14790 | D:13     | Noticed a centaur warrior
 14796 | D:13     | Killed a centaur warrior
 14804 | D:13     | Noticed a six-headed hydra
 14805 | D:13     | Noticed a tengu warrior
 14810 | D:13     | Killed a six-headed hydra
 14812 | D:13     | Killed a centaur warrior
 14814 | D:13     | Killed a tengu warrior
 14826 | D:13     | Noticed an ogre mage
 14829 | D:13     | Identified the ring "Puetoi" {rF+ Str+6}
 14833 | D:13     | Killed a centaur warrior
 14834 | D:13     | Killed an ogre mage
 14835 | D:13     | Hit by a large rock thrown by a cyclops

Illustrated notes

Levels and vault maps discovered:
D:1:      dpeg_arrival_radiant, layout_rooms, minmay_strange_pillars
D:2:      layout_basic, serial_curves, eino_curves_04, eino_curves_03,
          ebering_ecumenical_altar_mist, serial_bayou_lake_a
D:3:      layout_rooms, amcnicky_altar_gilded, serial_shops, shop_statue, shop,
          shop, shop, nicolae_diamond_shop
D:4:      layout_layer_cave, skrybe_limestone_x, minmay_misc_feat_hallway,
          corexii_checkpoint_a
D:5:      layout_basic
D:6:      layout_loops_ring, nicolae_overflow_crystal_walls,
          pdpol_wu_jian_five_deadly_venoms, mainiacjoe_overflow_surrounded_room
D:7:      layout_basic, minmay_temple_entry_nine_rooms, serial_rivers,
          chequers_serial_rivers_marsh, chequers_serial_rivers_large_b,
          chequers_serial_rivers_large_a, chequers_serial_rivers_micro_b,
          chequers_serial_rivers_small_3, chequers_serial_rivers_room_b,
          dk_noncrumbling_3
D:8:      layout_rooms, serial_shops, shop, nicolae_square_shop, shop
D:9:      layout_loops_cross, zin_angel, kennysheep_mini_moat
D:10:     layout_rooms, mainiacjoe_overflow_alcove_1, serial_shops,
          kennysheep_mini, grunt_ministairs_12
D:11:     layout_basic, erik_lair_island, hiddenorc1_lemuel, enter_bailey_2,
          nicolae_tso_carved_into_rock
D:12:     layout_cross, hex_large, uniq_urug
D:13:     minmay_the_grid_square_5x5_4x4_mashed
          [minmay_the_grid_square_5x5_fancy_junction,
          minmay_the_grid_square_5x5_bridge, minmay_the_grid_square_5x5_inner_v,
          minmay_the_grid_square_5x5_minivault,
          minmay_the_grid_square_5x5_hollow_slash,
          minmay_the_grid_square_5x5_prize_pseudospiral,
          minmay_the_grid_square_5x5_prize_snowflake,
          minmay_the_grid_square_5x5_shuriken,
          minmay_the_grid_square_5x5_trominoes,
          minmay_the_grid_square_5x5_prize_rear_guard,
          minmay_the_grid_square_5x5_prize_open, minmay_the_grid_square_5x5_six,
          minmay_the_grid_square_5x5_eight_small,
          minmay_the_grid_square_5x5_doubleslash,
          minmay_the_grid_square_5x5_checkered,
          minmay_the_grid_square_5x5_tetrominoes], layout_basic, grunt_decor_cap
Temple:   regret_index_temple_waves

Skill      XL: |  1  2  3  4  5  6  7  8  9 10 11 12 |
---------------+-------------------------------------+-----
Ice Magic      | 5 6 7 8 9 10 11 12 13 | 13.8
Spellcasting   | 4 6 7 8 9 11 14 16 17 | 17.8
Dodging        | 3 4 5 6 |  6.3
Fighting       | 1 2 3 |  3.0
Long Blades    | 1 |  1.2
Conjurations   | 1 3 6 8 9 |  9.6
Earth Magic    | 1 |  1.1
Stealth        | |  2.4

Action                   |  1- 3 |  4- 6 |  7- 9 | 10-12 || total
-------------------------+-------+-------+-------+-------++-------
Melee: Unarmed           |     1 |       |       |       ||     1
       Dagger            |     9 |     7 |       |       ||    16
       Long sword        |       |    19 |    74 |    66 ||   159
 Cast: Freeze            |    60 |    34 |     3 |    44 ||   141
       Ozocubu's Armour  |     4 |     7 |    29 |    31 ||    71
       Frozen Ramparts   |     4 |     7 |    30 |    32 ||    73
       Hailstorm         |       |       |    10 |    43 ||    53
       Shock             |       |       |    98 |   191 ||   289
       Searing Ray       |       |       |       |    14 ||    14
       Airstrike         |       |       |       |    52 ||    52
       Iron Shot         |       |       |       |     7 ||     7
       Inner Flame       |       |       |       |     1 ||     1
  Use: Scroll            |     6 |       |     8 |     1 ||    15
       Potion            |     2 |       |     1 |     6 ||     9
Armor: Robe              |     7 |    12 |    39 |   173 ||   231
Dodge: Dodged            |    34 |    32 |    81 |   181 ||   328

Table legend: (Time is in decaauts)
 A = Elapsed time spent in this place.
 B = Non-inter-level travel time spent in this place.
 C = Inter-level travel time spent in this place.
 D = Time resting spent in this place.
 E = Time spent auto-exploring this place.
 F = Levels seen in this place.
 G = Mean time per level.
                   A        B        C        D        E       F      G
               +--------+--------+--------+--------+--------+-----+--------+
         Total |  14991 |  14623 |    368 |      0 |  11936 |  15 |  999.4 |
       Dungeon |  13507 |  13158 |    349 |      0 |  11125 |  13 | 1039.0 |
        Temple |    188 |    169 |     19 |      0 |    140 |   1 |  188.0 |
        Bailey |   1295 |   1295 |      0 |      0 |    670 |   1 | 1295.0 |
               +--------+--------+--------+--------+--------+-----+--------+

Top non-repeatable levels by time:
     D:7: 1847 daAuts
     D:4: 1470 daAuts
    D:11: 1393 daAuts
  Bailey: 1295 daAuts
     D:2: 1206 daAuts
     D:1: 1096 daAuts
    D:12: 1095 daAuts
     D:8: 1006 daAuts
     D:9: 966 daAuts
     D:6: 864 daAuts
     D:3: 852 daAuts
    D:10: 747 daAuts
     D:5: 661 daAuts
    D:13: 299 daAuts
  Temple: 188 daAuts
